 Dungeon Crawl Stone Soup version 0.27-a0-1196-g3e9cee4cb2 (webtiles) character file.

Game seed: 13961935566754723736

141 ZappyNine the Sneak (level 5, 0/34 HPs)
             Began as a Kobold Brigand on May 25, 2021.
             Slain by a goblin
             ... wielding a +0 club
             ... led by Robin
              (5 damage)
             ... on level 3 of the Dungeon on May 27, 2021.
             The game lasted 00:01:57 (2037 turns).

ZappyNine the Sneak (Kobold Brigand)                Turns: 2037, Time: 00:01:58

Health: 0/34       AC:  3    Str:  6 (8)  XL:     5   Next: 48%
Magic:  5/5        EV: 15    Int: 13      God:
Gold:   52         SH:  0    Dex: 16 (17) Spells: 4/4 levels left

rFire    . . .     SeeInvis .   g - +1 dagger (freeze)
rCold    . . .     Faith    .   (shield restricted)
rNeg     . . .     Spirit   .   b - +0 robe
rPois    .         Reflect  .   (no helmet)
rElec    .         Harm     .   c - +0 cloak
rCorr    .         Rampage  .   (no gloves)
Will     .....                  (no boots)
Stlth    ++++......             (no amulet)
HPRegen  0.11/turn              (no ring)
MPRegen  0.09/turn              (no ring)

@: no status effects
A: small, no large weapons, nightstalker 3
a: no special abilities


You were on level 3 of the Dungeon.
You visited 1 branch of the dungeon, and saw 3 of its levels.

You collected 52 gold pieces.

Inventory:

Hand Weapons
 a - a +2 dagger
 g - a +1 dagger of freezing (weapon)
Missiles
 d - 8 poisoned darts (quivered)
 e - 2 curare-tipped darts
Armour
 b - a +0 robe (worn)
 c - a +0 cloak (worn)
Scrolls
 f - 3 scrolls of enchant weapon {unknown}
 j - a scroll of identify {unknown}
 m - a scroll of amnesia {unknown}
Potions
 i - a potion of cancellation
 k - 2 potions of flight


   Skills:
 + Level 4.3 Fighting
 - Level 2.6 Short Blades
 - Level 2.1 Throwing
 + Level 3.5 Dodging
 - Level 6.0 Stealth


You had 4 spell levels left.
You didn't know any spells.
Your spell library was empty.

Dungeon Overview and Level Annotations

Branches:
Dungeon (3/15)

Altars:
Yredelemnul

Annotations:
D:3 Robin


Innate Abilities, Weirdness & Mutations

You are small and have problems with some larger weapons.
You are completely attuned to the shadows.


Message History

The goblin shoots a sling bullet.
The sling bullet barely misses you.
You feel your intelligence returning.
A goblin comes into view. It is wielding a +0 club. x2
Robin throws the goblin at you!
Things that are here:
a +0 club; a bat corpse; a goblin corpse You barely miss Robin.
The goblin shouts!
The goblin closely misses you.
The goblin unwields a +0 hunting sling.
The goblin wields a +0 club.
The goblin barely misses you.
A goblin comes into view. It is wielding a +0 dagger.
You hit Robin but do no damage.
The goblin no longer looks unusually strong. x2
The goblin closely misses you.
Robin roars a battlecry!
The goblins go into a battle-frenzy!
The goblin misses you.
A goblin comes into view. It is wielding a +0 club.
You hit the goblin but do no damage. The goblin closely misses you.
Robin hits you with a +0 short sword!
A goblin comes into view. It is wielding a +0 club.
The goblin barely misses you.
Unknown command.
You barely miss the goblin.
The goblin no longer looks unusually strong.
The goblin hits you with a +0 club. The goblin closely misses you.
Robin roars a battlecry!
The goblin goes into a battle-frenzy!
Unknown command.
You barely miss the goblin. The goblin closely misses you.
The goblin barely misses you. Robin hits you with a +0 short sword.
* * * LOW HITPOINT WARNING * * *
Unknown command.
Unknown command.
You hit the goblin. You freeze the goblin.
The goblin is heavily wounded.
The goblin hits you with a +0 club.
* * * LOW HITPOINT WARNING * * *
The goblin hits you with a +0 club.
You die... #..(.... #......# #......# #.g..(.# ###g..... #ggggg...

#@#......
#g#......
#.#......
#.#.....
#.# #<#
###


You could see Robin and 7 goblins.

Vanquished Creatures
  Natasha (twice) (D:2)
  2 adders (D:2)
  2 worms (D:2)
  4 dart slugs
  2 ball pythons
  5 endoplasms (D:1)
  3 giant cockroaches
  6 goblins
  6 hobgoblins
  8 jackals
  5 bats
  3 frilled lizards
  4 kobolds
  3 rats
55 creatures vanquished.

Notes
Turn   | Place    | Note
-------+----------+-------------------------------------------
     0 | D:1      | ZappyNine the Kobold Brigand began the quest for the Orb.
     0 | D:1      | Reached XP level 1. HP: 12/12 MP: 1/1
   120 | D:1      | Reached XP level 2. HP: 18/18 MP: 2/2
   231 | D:1      | Found a faded altar of an unknown god.
   473 | D:1      | Reached skill level 6 in Stealth
   473 | D:1      | Reached XP level 3. HP: 23/23 MP: 3/3
   907 | D:2      | Upgraded the game from 0.27-a0-1193-g8631133539 to
                  | 0.27-a0-1196-g3e9cee4cb2
  1033 | D:2      | Reached XP level 4. HP: 8/28 MP: 4/4
  1624 | D:2      | Noticed Natasha
  1626 | D:2      | Killed Natasha
  1683 | D:2      | Reached XP level 5. HP: 33/33 MP: 5/5
  1686 | D:2      | Found a basalt altar of Yredelemnul.
  1925 | D:2      | Noticed Natasha
  1941 | D:2      | Killed Natasha
  2017 | D:3      | Noticed Robin
  2037 | D:3      | Slain by a goblin

Illustrated notes

Levels and vault maps discovered:
D:1:      grunt_arrival_crossed_arrows, layout_loops_ring,
          shapermc_ecumenical_altar_mp_vishouse, minmay_tetromino_t4
D:2:      layout_basic, basic_altar, uniq_natasha
D:3:      layout_basic, uniq_robin

Skill      XL: |  1  2  3  4 |
---------------+-------------+-----
Fighting       | 3 4 |  4.3
Stealth        | 6 |  6.0
Dodging        | 2 3 |  3.5
Short Blades   | |  2.6
Throwing       | |  2.1

Action                   |  1- 3 |  4- 6 || total
-------------------------+-------+-------++-------
Melee: Dagger            |    49 |    59 ||   108
  Use: Potion            |       |     5 ||     5
 Stab: Sleeping          |    26 |    14 ||    40
       Distracted        |       |     1 ||     1
Armor: Robe              |       |     9 ||     9
Dodge: Dodged            |    13 |    35 ||    48

Table legend: (Time is in decaauts)
 A = Elapsed time spent in this place.
 B = Non-inter-level travel time spent in this place.
 C = Inter-level travel time spent in this place.
 D = Time resting spent in this place.
 E = Time spent auto-exploring this place.
 F = Levels seen in this place.
 G = Mean time per level.
                   A        B        C        D        E       F      G
               +--------+--------+--------+--------+--------+-----+--------+
         Total |   2029 |   1983 |     46 |    260 |   1421 |   3 |  676.3 |
       Dungeon |   2029 |   1983 |     46 |    260 |   1421 |   3 |  676.3 |
               +--------+--------+--------+--------+--------+-----+--------+

Top non-repeatable levels by time:
     D:2: 1089 daAuts
     D:1: 901 daAuts
     D:3: 38 daAuts
